 Dungeon Crawl Stone Soup version 0.26-a0-652-gafc20e3620 (webtiles) character file.

Game seed: 12966406353733882757

450 DogServant the Chopper (level 7, -4/61 HPs)
             Began as a Hill Orc Monk on Oct 2, 2020.
             Slain by Pikel
             ... wielding a +2 whip of flaming
              (5 damage)
             ... on level 4 of the Dungeon.
             The game lasted 00:05:48 (4563 turns).

DogServant the Chopper (Hill Orc Monk)              Turns: 4563, Time: 00:05:48

Health: -4/61      AC:  9    Str: 13 (16) XL:     7   Next: 4%
Magic:  7/7        EV:  6    Int:  9 (10) God:
Gold:   141        SH:  0    Dex: 10 (13) Spells: 6/6 levels left

rFire    . . .     SeeInvis .   a - +1 hand axe
rCold    . . .     Faith    .   (no shield)
rNeg     . . .     Spirit   .   c - +0 chain mail
rPois    .         Reflect  .   d - +0 hat
rElec    .         Harm     .   (no cloak)
rCorr    .         Rampage  .   (no gloves)
MR       +....                  (no boots)
Stlth    ..........             (no amulet)
HPRegen  0.20/turn              m - ring of protection from magic
MPRegen  0.10/turn              (no ring)

@: no status effects
A: blink, wild magic 1
a: Blink


You were on level 4 of the Dungeon.
You visited 1 branch of the dungeon, and saw 4 of its levels.

You collected 141 gold pieces.

Inventory:

Hand Weapons
 a - a +1 hand axe (weapon)
Missiles
 k - 11 poisoned darts
 p - 3 silver javelins (quivered)
Armour
 b - a +0 robe
 c - a +0 chain mail (worn)
 d - a +0 hat (worn)
Jewellery
 e - an uncursed amulet of the acrobat {unknown}
 h - an uncursed ring of flight
 m - a ring of protection from magic (left hand)
Scrolls
 j - 2 scrolls of teleportation
 l - a scroll of identify {unknown}
 n - 2 scrolls of fear {unknown}
Potions
 i - a potion of stabbing
 q - a potion of lignification


   Skills:
 + Level 5.5 Fighting
 * Level 7.7 Axes
 + Level 3.4 Armour
 - Level 2.5 Dodging
 - Level 1.5 Stealth


You had 6 spell levels left.
You didn't know any spells.
Your spell library was empty.

Dungeon Overview and Level Annotations

Branches:
Dungeon (4/15)             Temple (0/1) D:4

Altars:
Cheibriados
Nemelex Xobeh
Okawaru
Uskayaw
Wu Jian

Annotations:
D:4 Dowan, Pikel


Innate Abilities, Weirdness & Mutations

You can translocate small distances at will.
Your spells are a little harder to cast, but a little more powerful.


Message History

* * * LOW HITPOINT WARNING * * *
Your chain mail prevents you from hitting Pikel.
Pikel is lightly wounded.
Pikel hits you but does no damage.
You slash Pikel!
Pikel is moderately wounded.
Pikel hits you with a +2 whip of flaming!
* * * LOW HITPOINT WARNING * * *
Pikel burns you.
* * * LOW HITPOINT WARNING * * *
You hit Pikel.
Pikel is heavily wounded.
Pikel hits you with a +2 whip of flaming.
* * * LOW HITPOINT WARNING * * *
Pikel burns you.
* * * LOW HITPOINT WARNING * * *
You barely miss Pikel.
Pikel is moderately wounded.
Pikel hits you with a +2 whip of flaming.
You die...

# *,,,,,,*,* **** **,,,,,,.#*
*,,,,,,..* **,,,,*#.* **,***#.##
*** #..# #.5# *#K####
##@...#############
##..............>...
##......<............
#.....############### ##......##
# ##........# ### ##.........#
########## .)###
##....#....####....##..##
.)..#####.....[......##.##.......


You could see Pikel and a lemure.

Vanquished Creatures
  Duvessa (D:4)
  3 lemures (D:4)
  A howler monkey (D:4)
  3 orc wizards
  A centaur skeleton (D:3)
  2 hounds (D:4)
  Robin (D:3)
  3 adders
  2 oozes
  A worm (D:2)
  A leopard gecko (D:4)
  11 orcs
  5 giant cockroaches (D:1)
  7 hobgoblins
  8 jackals
  2 quokkas
  A ball python (D:1)
  5 frilled lizards
  13 goblins
  8 kobolds
  A rat (D:1)
80 creatures vanquished.

Notes
Turn   | Place    | Note
-------+----------+-------------------------------------------
     0 | D:1      | DogServant the Hill Orc Monk began the quest for the Orb.
     0 | D:1      | Reached XP level 1. HP: 19/19 MP: 1/1
   296 | D:1      | Reached XP level 2. HP: 26/27 MP: 2/2
   693 | D:1      | Reached XP level 3. HP: 33/33 MP: 3/3
   955 | D:2      | Reached skill level 1 in Armour
  1000 | D:2      | Reached skill level 5 in Axes
  1834 | D:3      | Reached XP level 4. HP: 37/40 MP: 4/4
  2063 | D:3      | Found a snail-covered altar of Cheibriados.
  2066 | D:3      | Found a hide-covered altar of Uskayaw.
  2069 | D:3      | Found a sparkling altar of Nemelex Xobeh.
  2454 | D:3      | Noticed Robin
  2471 | D:3      | Reached XP level 5. HP: 47/47 MP: 5/5
  2481 | D:3      | Killed Robin
  2610 | D:3      | Reached skill level 6 in Axes
  3431 | D:4      | Noticed Pikel
  3431 | D:4      | Noticed a lemure
  3431 | D:4      | Noticed a lemure
  3431 | D:4      | Noticed a lemure
  3431 | D:4      | Noticed a lemure
  3450 | D:4      | Reached skill level 5 in Fighting
  3450 | D:4      | Reached XP level 6. HP: 20/56 MP: 6/6
  3915 | D:4      | Found an iron altar of Okawaru.
  3970 | D:4      | Found an ornate altar of the Wu Jian Council.
  4130 | D:4      | Reached skill level 7 in Axes
  4276 | D:4      | Noticed Dowan
  4276 | D:4      | Noticed Duvessa
  4318 | D:4      | Gained mutation: Your spells are a little harder to cast,
                  | but a little more powerful. [potion of mutation]
  4318 | D:4      | Gained mutation: You can translocate small distances at
                  | will. [potion of mutation]
  4352 | D:4      | Killed Duvessa
  4352 | D:4      | Reached XP level 7. HP: 61/61 MP: 7/7
  4562 | D:4      | HP: 2/61 [Pikel/+2 whip of flaming (2)]
  4563 | D:4      | Slain by Pikel

Illustrated notes

Levels and vault maps discovered:
D:1:      sevenhm_arrival_forest_fort_small_5, layout_loops_ring,
          chequers_serial_rivers_micro_d
D:2:      layout_basic
D:3:      layout_basic, grunt_temple_overflow_diamond, uniq_robin
D:4:      layout_cave_pods, nicolae_overflow_hidden_temple, lemuel_round_altar,
          minmay_temple_entry_from_below_a, serial_shops, nicolae_shop_stone,
          serial_glass, glass_columns_a, glass_columns_a, uniq_duvessa,
          uniq_pikel

Skill      XL: |  1  2  3  4  5  6 |
---------------+-------------------+-----
Fighting       | 4 5 |  5.5
Armour         | 1 2 3 |  3.4
Axes           | 5 6 7 |  7.7
Dodging        | |  2.5
Stealth        | |  1.5

Action                   |  1- 3 |  4- 6 |  7- 9 || total
-------------------------+-------+-------+-------++-------
Melee: Hand axe          |   120 |   186 |    37 ||   343
Throw: Javelin           |     2 |     9 |       ||    11
       Dart              |       |     9 |       ||     9
  Use: Potion            |       |     5 |       ||     5
       Scroll            |       |     3 |       ||     3
Armor: Chain mail        |    80 |   125 |    12 ||   217
       Skin              |       |    62 |     4 ||    66
Dodge: Dodged            |    40 |    61 |     9 ||   110

Table legend: (Time is in decaauts)
 A = Elapsed time spent in this place.
 B = Non-inter-level travel time spent in this place.
 C = Inter-level travel time spent in this place.
 D = Time resting spent in this place.
 E = Time spent auto-exploring this place.
 F = Levels seen in this place.
 G = Mean time per level.
                   A        B        C        D        E       F      G
               +--------+--------+--------+--------+--------+-----+--------+
         Total |   4594 |   4418 |    176 |   1046 |   2670 |   4 | 1148.5 |
       Dungeon |   4594 |   4418 |    176 |   1046 |   2670 |   4 | 1148.5 |
               +--------+--------+--------+--------+--------+-----+--------+

Top non-repeatable levels by time:
     D:3: 1746 daAuts
     D:4: 1124 daAuts
     D:1: 935 daAuts
     D:2: 788 daAuts
